[Event "Tuesday Night Engine Tour 9 rd Swiss 7m+2s Starts at 2200hrs ST"]
[Site "Infinity Chess"]
[Date "2018.4.24"]
[Round "5"]
[White "Susanne"]
[Black "Murx"]
[Result "1/2-1/2"]
[ECO "C53"]
[WhiteElo "2624"]
[BlackElo "2558"]
[WhiteEngine "asmFishW_IX_bmi2_CTG"]
[BlackEngine "asmFishW_2018-04-07_popcnt"]
[EventType "Swiss"]
[WhiteTeam ""]
[BlackTeam ""]
[PlyCount "101"]
[TimeControl "420+2"]

1. e4 e5 2. Nf3 Nc6 3. Bc4 Bc5 4. c3 Nf6 5. d3 O-O 6. O-O d6 7. Re1 a5 8. h3 h6 
9. Nbd2 Be6 10. Bb5 Qb8 11. Nf1 Qa7 12. Be3 Bxe3 13. Nxe3 Ne7 14. a4 Ng6 
15. Bc4 Bxc4 16. Nxc4 Qa6 17. g3 Rfe8 18. Ne3 Qc6 19. Qb3 b6 20. Qc4 Qxc4 
21. Nxc4 Nf8 22. Red1 g6 23. Ne1 h5 24. h4 d5 25. exd5 Nxd5 26. Nf3 Nd7 
27. Kg2 N5f6 28. Re1 e4 29. dxe4 Nxe4 30. Nd4 Nec5 31. Rxe8+ Rxe8 32. Kf1 Ra8 
33. Kg2 Kg7 34. Ne3 Nf6 35. Nb5 Nd3 36. Rb1 Rc8 37. b4 axb4 38. cxb4 c5 
39. bxc5 Rxc5 40. Nd6 Rc6 41. Ndc4 Ng4 42. Nxb6 Rf6 43. Nxg4 hxg4 44. Kg1 Rxf2 
45. Rb3 Rf3 46. Kh2 Kf6 47. a5 Rf2+ 48. Kg1 Rf3 49. Kh2 Rf2+ 50. Kg1 Rf3 51. Kh2 
1/2-1/2

[Event "Tuesday Night Engine Tour 9 rd Swiss 7m+2s Starts at 2200hrs ST"]
[Site "Infinity Chess"]
[Date "2018.4.24"]
[Round "4"]
[White "SkyPilot"]
[Black "ocirema"]
[Result "1/2-1/2"]
[ECO "C53"]
[WhiteElo "2505"]
[BlackElo "2466"]
[WhiteEngine "stockfish_x64_bmi2_2018_04_07_CTG"]
[BlackEngine "Eman 1.70-beta21 64-bit POPCNT_CTG"]
[EventType "Swiss"]
[WhiteTeam ""]
[BlackTeam ""]
[PlyCount "125"]
[TimeControl "420+2"]

1. e4 e5 2. Nf3 Nc6 3. Bc4 Bc5 4. c3 Nf6 5. d3 d6 6. O-O a5 7. Re1 O-O 
8. Nbd2 h6 9. h3 Be6 10. a4 Bxc4 11. Nxc4 Re8 12. Be3 Bxe3 13. Nxe3 b6 
14. Qb3 Ne7 15. g3 Qc8 16. Kg2 Qb7 17. Qa2 Nd7 18. b4 axb4 19. cxb4 b5 
20. Qc2 bxa4 21. Rxa4 Reb8 22. Rxa8 Rxa8 23. Rb1 Ra3 24. Rb2 Ra1 25. b5 Qb6 
26. Nd2 Qa7 27. h4 Qb6 28. Ndc4 Qd4 29. Qd2 Qc5 30. Rb4 Kh7 31. Qc3 Ra8 
32. Qb2 f6 33. Nd2 Rb8 34. Rc4 Qb6 35. Rb4 Nc5 36. Ndc4 Qb7 37. Qb1 Qc8 
38. f3 Qd8 39. b6 cxb6 40. Rxb6 Rxb6 41. Qxb6 Qxb6 42. Nxb6 Nxd3 43. Nec4 Nc6 
44. Nxd6 Nd4 45. Kf1 g6 46. Nd5 f5 47. exf5 gxf5 48. Ne7 f4 49. g4 Nc5 
50. Kf2 Nd3+ 51. Kf1 Nc1 52. Kf2 Nd3+ 53. Kg2 Ne1+ 54. Kf2 Nexf3 55. g5 hxg5 
56. hxg5 Nxg5 57. Nd5 Kg7 58. Nc4 Kg6 59. Nxe5+ Kf5 60. Nf3 Nh3+ 61. Kf1 Nc2 
62. Ng5 Nb4 63. Nxf4 1/2-1/2

[Event "Tuesday Night Engine Tour 9 rd Swiss 7m+2s Starts at 2200hrs ST"]
[Site "Infinity Chess"]
[Date "2018.4.24"]
[Round "4"]
[White "Vimtiroba"]
[Black "Victorious"]
[Result "1/2-1/2"]
[ECO "A05"]
[WhiteElo "2493"]
[BlackElo "2499"]
[WhiteEngine "SF9 ''A24''_CTG"]
[BlackEngine "CFish_210418_x64_N_pop_LTO_730mingw"]
[EventType "Swiss"]
[WhiteTeam ""]
[BlackTeam ""]
[PlyCount "119"]
[TimeControl "420+2"]

1. Nf3 Nf6 2. d4 d5 3. e3 c5 4. c4 e6 5. Nc3 a6 6. cxd5 exd5 7. Be2 cxd4 
8. exd4 Nc6 9. O-O Be6 10. Bd3 Bd6 11. Bg5 h6 12. Bh4 Kf8 13. Bg3 Bxg3 
14. fxg3 Qb6 15. Na4 Qa7 16. Qb3 Kg8 17. Qb6 Qxb6 18. Nxb6 Rd8 19. Na4 Ne4 
20. Rfc1 g5 21. Bxa6 g4 22. Ne1 Nxd4 23. Rd1 bxa6 24. Rxd4 Kh7 25. Nd3 Rb8 
26. Nb4 Rb5 27. Rc1 a5 28. Nd3 Kg7 29. Rc6 Re8 30. a3 Rc8 31. Rxc8 Bxc8 
32. Ndc5 Rxc5 33. Nxc5 Nxc5 34. Rxd5 Nb3 35. Rd6 Be6 36. Kf2 Kf6 37. Ke3 Ke5 
38. Rb6 Nd4 39. Ra6 Nb3 40. Rb6 Nd4 41. Ra6 Nb3 42. Ra8 f6 43. Kd3 Bd5 
44. Re8+ Kd6 45. Kc3 Nc5 46. b4 axb4+ 47. Kxb4 Nd3+ 48. Kc3 Nc5 49. Rh8 f5 
50. Rxh6+ Ke5 51. Rh8 Bxg2 52. Rc8 Kd5 53. Rd8+ Ke5 54. Kb4 Ne6 55. Rd2 Be4 
56. a4 f4 57. gxf4+ Kxf4 58. a5 g3 59. hxg3+ Kxg3 60. a6 1/2-1/2

[Event "Tuesday Night Engine Tour 9 rd Swiss 7m+2s Starts at 2200hrs ST"]
[Site "Infinity Chess"]
[Date "2018.4.24"]
[Round "4"]
[White "blindfoldchess"]
[Black "firestar"]
[Result "1/2-1/2"]
[ECO "B32"]
[WhiteElo "2490"]
[BlackElo "2460"]
[WhiteEngine "Cryptic Heroes 9.4B"]
[BlackEngine "Cryptic Heroes 9.4B"]
[EventType "Swiss"]
[WhiteTeam ""]
[BlackTeam ""]
[PlyCount "342"]
[TimeControl "420+2"]

1. e4 c5 2. Nf3 Nc6 3. d4 cxd4 4. Nxd4 e5 5. Nb5 Nf6 6. f3 d6 7. c4 Be7 
8. Be3 O-O 9. N1c3 a6 10. Na3 Be6 11. Nc2 Qb8 12. Rb1 Bd8 13. a4 Nd7 14. Be2 Ba5 
15. Bf2 Rc8 16. Ne3 Bxc3+ 17. bxc3 Na5 18. O-O Qc7 19. Re1 Rab8 20. Bf1 Nc5 
21. Nd5 Qd8 22. g3 Qe8 23. Rb4 Nd7 24. f4 Nc6 25. Rb1 Na5 26. Rb4 Nc6 
27. Rb1 Na5 28. Ne3 Rc6 29. Rb4 Rbc8 30. Nd5 Qd8 31. Rb1 Qf8 32. Qc2 Kh8 
33. Rb4 Qe8 34. Qd1 Kg8 35. Bd3 Qd8 36. Qe2 Nc5 37. Reb1 f6 38. Nb6 R8c7 
39. Nd5 Rc8 40. f5 Bf7 41. Nb6 R8c7 42. Bc2 Nd7 43. Bd3 Nc5 44. Bc2 Nd7 
45. Rd1 Qe8 46. Bd3 Nc5 47. Nd5 Rc8 48. Bb1 Nd7 49. Ba2 Kh8 50. Be1 Qd8 
51. Kg2 Kg8 52. Qd3 Nc5 53. Qe2 Nd7 54. Rdb1 Kh8 55. R1b2 Qe8 56. Rb1 Qd8 
57. Qd3 Bh5 58. Bf2 Nc5 59. Qc2 Bf7 60. h3 Bg8 61. Qe2 Qf8 62. h4 Nd7 
63. Be1 Qd8 64. Qd3 b6 65. g4 Rc5 66. Rc1 Nb7 67. Qc2 a5 68. Rb2 Qe8 69. h5 R5c6 
70. Rcb1 h6 71. Bd2 Bf7 72. Kf3 Nbc5 73. Be3 Kg8 74. Rc1 Qd8 75. Rcb1 Rb8 
76. Rd1 Be8 77. Rb5 Kh7 78. Rdb1 Na6 79. Ra1 Rcc8 80. Rb2 Ndc5 81. Bb1 Bc6 
82. Qd1 Kg8 83. Rd2 Nd7 84. Re2 Nac5 85. Rb2 Kh7 86. Bc2 Kh8 87. Kg2 Nf8 
88. Kf3 Nfd7 89. Kg2 Nf8 90. Rab1 Nfd7 91. Kh3 Kg8 92. Ra1 Kh8 93. Kg3 Kg8 
94. Kf2 Kh8 95. Kf3 Kg8 96. Bf2 Kh7 97. Rab1 Rb7 98. Kg3 Rbb8 99. Be3 Kg8 
100. Bf2 Kh7 101. Kf3 Qg8 102. Bxc5 Nxc5 103. Rxb6 Qd8 104. R6b5 Rb7 
105. Kg2 Ra8 106. Qc1 Rc8 107. Qb2 Rcb8 108. Qc1 Rc8 109. Qd2 Rbb8 110. Kf1 Rb7 
111. Qd1 Rbb8 112. Ke2 Rb7 113. Kf3 Rf7 114. Rb6 Rb7 115. R6b5 Rcb8 116. Qd2 Ra8 
117. Qe2 Rf7 118. Kg2 Rc8 119. Kf3 Kg8 120. Qd2 Kh7 121. Qe3 Rb7 122. Qe2 Rf7 
123. Ne3 Kg8 124. Nd5 Kh7 125. Ne3 Kh8 126. Qd2 Bb7 127. Qc1 Bc6 128. Nd5 Ra7 
129. Nb6 Rb8 130. Nd5 Rc8 131. Qd2 Rf7 132. Ra1 Kg8 133. Qe3 Ra8 134. Qd2 Kh7 
135. Ra2 Rf8 136. Qe3 Rf7 137. Bd3 Rc8 138. Ra3 Rb7 139. Bc2 Ra7 140. Ra1 Rd7 
141. Qe2 Kh8 142. Qd2 Ra7 143. Rc1 Rb7 144. Rd1 Kh7 145. Kg2 Rd7 146. Ra1 Kg8 
147. Ra3 Rb7 148. Qd1 Rcb8 149. Kf3 Rd7 150. Ra1 Kh7 151. Kg2 Rdb7 152. Qd2 Rc8 
153. Rxb7 Bxb7 154. Rb1 Bc6 155. Rb5 Ra8 156. Qc1 Nd7 157. Qe1 Nb6 
158. Nxb6 Bxb5 159. c5 dxc5 160. Nxa8 Bc6 161. Qe2 Qxa8 162. Kf3 Qg8 
163. Qa6 Qa2 164. Qxc6 Qxc2 165. Qe8 Qxc3+ 166. Kf2 Qd4+ 167. Kf3 c4 
168. Qg6+ Kh8 169. Qe8+ Kh7 170. Qg6+ Kh8 171. Qe8+ Kh7 1/2-1/2

[Event "Tuesday Night Engine Tour 9 rd Swiss 7m+2s Starts at 2200hrs ST"]
[Site "Infinity Chess"]
[Date "2018.4.24"]
[Round "4"]
[White "juggernaut"]
[Black "quicksilver"]
[Result "1-0"]
[ECO "C65"]
[WhiteElo "2472"]
[BlackElo "2505"]
[WhiteEngine "Cryptic Heroes 9.4B"]
[BlackEngine "Cryptic Heroes 9.4B"]
[EventType "Swiss"]
[WhiteTeam ""]
[BlackTeam ""]
[PlyCount "181"]
[TimeControl "420+2"]

1. e4 e5 2. Nf3 Nc6 3. Bb5 Nf6 4. d3 Bc5 5. Bxc6 dxc6 6. O-O Bd6 7. Nbd2 Be6 
8. b3 O-O 9. Nc4 Bxc4 10. bxc4 Re8 11. Rb1 b6 12. Bg5 h6 13. Bc1 a6 14. a4 Kh7 
15. g3 Qd7 16. Kg2 b5 17. Nd2 Bc5 18. h3 Bd4 19. Bb2 Reb8 20. Qc1 Qd6 
21. Bxd4 Qxd4 22. Qb2 Qxb2 23. Rxb2 Nd7 24. Kf3 Nc5 25. axb5 axb5 26. Ke3 f6 
27. Rfb1 Ra5 28. cxb5 Raxb5 29. Rxb5 cxb5 30. f4 Rb6 31. Nf3 exf4+ 32. gxf4 g5 
33. f5 b4 34. Nd2 Nd7 35. Nc4 Rb7 36. Kd4 c5+ 37. Kd5 Ra7 38. Ke6 Kg7 
39. Rg1 Nf8+ 40. Kd5 Nd7 41. h4 Ra6 42. Rh1 Ra2 43. Kd6 Ra7 44. hxg5 hxg5 
45. Kc6 Kg8 46. Rh6 Kg7 47. Rg6+ Kh7 48. Kd5 Ra4 49. e5 fxe5 50. Kd6 Ra7 
51. Rxg5 Nf6 52. Kxe5 Nd7+ 53. Kd6 Nf6 54. Kxc5 Rc7+ 55. Kd4 Rc8 56. Ke5 Ng8 
57. Rg2 Re8+ 58. Kd5 Nf6+ 59. Kd4 Ra8 60. Ke5 Ra6 61. Rg6 Nd7+ 62. Kd5 Ra7 
63. d4 Nf8 64. Rg3 Ra2 65. Ne3 Ra4 66. Kc5 Nd7+ 67. Kb5 Ra8 68. Kxb4 Nf6 
69. d5 Kh8 70. Rg6 Nd7 71. c4 Kh7 72. Ng4 Kh8 73. c5 Rb8+ 74. Kc4 Rf8 75. c6 Rc8 
76. Kb5 Nf8 77. Rh6+ Kg7 78. d6 Rb8+ 79. Kc5 Rb1 80. d7 Rd1 81. Rd6 Rc1+ 
82. Kb6 Rb1+ 83. Kc7 Nxd7 84. cxd7 Rc1+ 85. Rc6 Rxc6+ 86. Kxc6 Kg8 87. f6 Kh7 
88. d8=Q Kg6 89. Qd5 Kh7 90. Qf7+ Kh8 91. Qg7# 1-0

[Event "Tuesday Night Engine Tour 9 rd Swiss 7m+2s Starts at 2200hrs ST"]
[Site "Infinity Chess"]
[Date "2018.4.24"]
[Round "4"]
[White "ironchess"]
[Black "draxlord"]
[Result "1/2-1/2"]
[ECO "C26"]
[WhiteElo "2505"]
[BlackElo "2509"]
[WhiteEngine "Cryptic Heroes 9.4B"]
[BlackEngine "Cryptic Heroes 9.4B"]
[EventType "Swiss"]
[WhiteTeam ""]
[BlackTeam ""]
[PlyCount "95"]
[TimeControl "420+2"]

1. e4 e5 2. Nc3 Nf6 3. g3 Bc5 4. Nge2 Ng4 5. d4 exd4 6. Nxd4 Nxf2 7. Kxf2 Qf6+ 
8. Ke3 Nc6 9. Ncb5 O-O 10. c3 d5 11. Kd2 Bxd4 12. Nxd4 Nxd4 13. cxd4 dxe4 
14. Ke1 e3 15. Bxe3 Re8 16. Kd2 c5 17. Bb5 cxd4 18. Bf4 Re7 19. Re1 g5 
20. Qh5 gxf4 21. Rxe7 Qxe7 22. Re1 Be6 23. Bd3 Qf6 24. Rf1 h6 25. Rxf4 Qg5 
26. Qxg5+ hxg5 27. Rxd4 Bxa2 28. Be4 Be6 29. Ra4 Rd8+ 30. Ke3 Re8 31. Kd3 Kg7 
32. Bxb7 Rd8+ 33. Kc3 Kf6 34. Rxa7 Rd7 35. h4 gxh4 36. gxh4 Kg7 37. b4 Rc7+ 
38. Kd4 Rc4+ 39. Ke3 Rxb4 40. Be4 Rb3+ 41. Kf4 Rb4 42. Ke3 Rc4 43. Bd3 Rxh4 
44. Be4 Bd5 45. Bxd5 Rh3+ 46. Kd2 Rh2+ 47. Kd1 Rf2 48. Ke1 1/2-1/2

[Event "Tuesday Night Engine Tour 9 rd Swiss 7m+2s Starts at 2200hrs ST"]
[Site "Infinity Chess"]
[Date "2018.4.24"]
[Round "4"]
[White "mcstar"]
[Black "stormbreaker990"]
[Result "1/2-1/2"]
[ECO "D02"]
[WhiteElo "2509"]
[BlackElo "2488"]
[WhiteEngine "Cryptic Heroes 9.4B"]
[BlackEngine "Cryptic Heroes 9.4B"]
[EventType "Swiss"]
[WhiteTeam ""]
[BlackTeam ""]
[PlyCount "128"]
[TimeControl "420+2"]

1. d4 d5 2. Nf3 e6 3. c4 Nf6 4. Nc3 Bb4 5. Bg5 h6 6. Bxf6 Qxf6 7. e3 c5 
8. Rc1 cxd4 9. Nxd4 Nc6 10. cxd5 exd5 11. a3 Bxc3+ 12. Rxc3 O-O 13. Be2 Be6 
14. Rd3 Rac8 15. O-O b6 16. Qd2 Nxd4 17. Rxd4 Rc7 18. Ba6 Re8 19. Rc1 Ree7 
20. Rd1 Rc6 21. Bb5 Rc5 22. Ba4 Rec7 23. Bb3 Rc8 24. h3 Rb5 25. Ba4 Rbc5 
26. Bb3 Rb5 27. Qd3 a6 28. Rf1 Qf5 29. Qd1 a5 30. Ba4 Rbc5 31. Bb3 Rb5 
32. a4 Rbc5 33. Qd2 Qg5 34. Kh2 Qg6 35. Rg1 Qf6 36. f4 g6 37. Rd1 Kg7 38. Qe1 h5 
39. Qe2 Re8 40. Qf3 Rec8 41. R1d2 Re8 42. Qf2 Qf5 43. Rd1 Rec8 44. Qf3 Qf6 
45. R1d2 Re8 46. Qf2 Qf5 47. Rd1 Rec8 48. Qd2 Qf6 49. Qe1 Re8 50. R1d2 Qf5 
51. Rd1 Rec8 52. Qf1 Qf6 53. Qe1 Re8 54. R1d2 Re7 55. Qf2 Qf5 56. Qh4 Re8 
57. Qe1 Rec8 58. Rd1 Qf6 59. Kg1 R8c6 60. Qf2 Qe7 61. Kh2 Qf6 62. Qd2 Rc8 
63. Kg1 Qe7 64. Kh2 Qf6 1/2-1/2

[Event "Tuesday Night Engine Tour 9 rd Swiss 7m+2s Starts at 2200hrs ST"]
[Site "Infinity Chess"]
[Date "2018.4.24"]
[Round "4"]
[White "star99"]
[Black "Dovahkiin"]
[Result "1/2-1/2"]
[ECO "D05"]
[WhiteElo "2464"]
[BlackElo "2461"]
[WhiteEngine "Cryptic Heroes 9.4B"]
[BlackEngine "BrainFish_180423_x64_modern_CTG"]
[EventType "Swiss"]
[WhiteTeam ""]
[BlackTeam ""]
[PlyCount "162"]
[TimeControl "420+2"]

1. d4 d5 2. Nf3 Nf6 3. e3 e6 4. Nbd2 c5 5. b3 Nc6 6. Bb2 cxd4 7. exd4 Bd6 
8. Bb5 O-O 9. O-O Ne4 10. Nxe4 dxe4 11. Nd2 f5 12. Nc4 Bc7 13. Bxc6 bxc6 
14. Ba3 Rf6 15. Re1 Ba6 16. Ne5 c5 17. Bxc5 Bb7 18. Qe2 Qe8 19. a4 a6 
20. Qc4 Bd5 21. Qf1 f4 22. f3 e3 23. c4 Bb7 24. Rad1 a5 25. Ng4 Rf5 26. Qd3 h5 
27. Ne5 g5 28. Rf1 Bxe5 29. dxe5 g4 30. Bxe3 fxe3 31. fxg4 Rxe5 32. Rfe1 Rg5 
33. Qxe3 Rxg4 34. g3 h4 35. Qxe6+ Qxe6 36. Rxe6 hxg3 37. Rd7 gxh2+ 38. Kxh2 Be4 
39. Rde7 Bf5 40. Re8+ Rxe8 41. Rxe8+ Kf7 42. Rb8 Kf6 43. b4 Rxc4 44. bxa5 Ke5 
45. a6 Rxa4 46. Kg3 Rxa6 47. Re8+ Be6 48. Kf3 Kd4 49. Kf4 Bd5 50. Re7 Ra2 
51. Kg4 Rg2+ 52. Kf5 Ra2 53. Kf4 Ra6 54. Re1 Rf6+ 55. Kg5 Rf8 56. Re7 Be4 
57. Rd7+ Kc5 58. Rd1 Rf3 59. Rd2 Rf8 60. Rd1 Rf5+ 61. Kh6 Rf2 62. Kg7 Bd5 
63. Kg6 Bf7+ 64. Kg5 Bd5 65. Kg4 Rf8 66. Kg5 Be4 67. Rd7 Rf5+ 68. Kh6 Rf6+ 
69. Kg5 Rf5+ 70. Kh6 Rf1 71. Kg5 Rf2 72. Rd1 Rf3 73. Rd8 Rf5+ 74. Kh6 Rf6+ 
75. Kg5 Rf7 76. Rd1 Rf2 77. Kg4 Rf6 78. Kg3 Rf3+ 79. Kg4 Rf2 80. Rd8 Bd5 
81. Re8 Rh2 1/2-1/2

[Event "Tuesday Night Engine Tour 9 rd Swiss 7m+2s Starts at 2200hrs ST"]
[Site "Infinity Chess"]
[Date "2018.4.24"]
[Round "4"]
[White "Thinker"]
[Black "MarioDeMonti"]
[Result "1/2-1/2"]
[ECO "C50"]
[WhiteElo "2484"]
[BlackElo "2496"]
[WhiteEngine "BrainFish_180418_x64_modern_CTG"]
[BlackEngine "stockfish_x64_bmi2_2018_02_18_CTG"]
[EventType "Swiss"]
[WhiteTeam ""]
[BlackTeam ""]
[PlyCount "115"]
[TimeControl "420+2"]

1. e4 e5 2. Nf3 Nc6 3. Bc4 Bc5 4. d3 Nf6 5. c3 d6 6. O-O a5 7. Re1 Ba7 8. a4 h6 
9. h3 O-O 10. Nbd2 Be6 11. Bxe6 fxe6 12. Nc4 Bc5 13. Be3 Bxe3 14. Rxe3 Nd7 
15. Na3 Qe7 16. Nb5 Nf6 17. Nd2 Rf7 18. Qe2 Raf8 19. Re1 g5 20. Nc4 Rg7 
21. Rf3 h5 22. Rg3 b6 23. Rf1 Kh8 24. d4 g4 25. hxg4 hxg4 26. Ne3 Rfg8 
27. f3 Nh5 28. Rxg4 Ng3 29. Rxg3 Rxg3 30. Qc4 Qh4 31. Ng4 Ne7 32. Qxe6 Rg6 
33. Qd7 Ng8 34. Qe8 Rg7 35. Rf2 Rh7 36. Kf1 Qh1+ 37. Ke2 Rxg2 38. dxe5 Rh3 
39. exd6 cxd6 40. Nxd6 Rxf2+ 41. Nxf2 Qxf3+ 42. Ke1 Rg3 43. Qe5+ Nf6 44. Kf1 Rg2 
45. Qd4 Rxf2+ 46. Qxf2 Qd1+ 47. Qe1 Qxd6 48. e5 Qd3+ 49. Qe2 Qf5+ 50. Qf2 Qd3+ 
51. Qe2 Qxe2+ 52. Kxe2 Nd5 53. Kd3 Kg7 54. Kd4 Nc7 55. b4 axb4 56. cxb4 Kf8 
57. a5 bxa5 58. bxa5 1/2-1/2

[Event "Tuesday Night Engine Tour 9 rd Swiss 7m+2s Starts at 2200hrs ST"]
[Site "Infinity Chess"]
[Date "2018.4.24"]
[Round "4"]
[White "TasicV"]
[Black "Seliga"]
[Result "0-1"]
[ECO "C50"]
[WhiteElo "2479"]
[BlackElo "2494"]
[WhiteEngine "stockfish_18041408_x64_modern_CTG"]
[BlackEngine "SF9 ''A23''_CTG"]
[EventType "Swiss"]
[WhiteTeam ""]
[BlackTeam ""]
[PlyCount "180"]
[TimeControl "420+2"]

1. e4 e5 2. Nf3 Nc6 3. Bc4 Bc5 4. O-O Nf6 5. d3 a5 6. c3 d6 7. Bg5 Ba7 
8. Nbd2 h6 9. Bh4 g5 10. Bg3 O-O 11. Bb3 Nh7 12. Kh1 Qf6 13. Nc4 Qg7 14. Ne3 Nf6 
15. a4 Kh8 16. Nd2 h5 17. h4 Bxe3 18. fxe3 Ng4 19. Rf3 Nd8 20. hxg5 Qxg5 
21. Qe1 Be6 22. Bh4 Qg6 23. Be7 Rg8 24. Qe2 Bxb3 25. Nxb3 Nc6 26. Bh4 f6 
27. Nd2 Raf8 28. Raf1 Rg7 29. Kg1 Ne7 30. Nc4 b6 31. Nd2 Rgf7 32. Nc4 Kg8 
33. Qd2 Kh7 34. b4 axb4 35. cxb4 d5 36. exd5 Nxd5 37. e4 Nf4 38. Ne3 Rd7 
39. Nxg4 hxg4 40. Rxf4 exf4 41. Qxf4 Rxd3 42. e5 f5 43. Qc4 Re3 44. Qxc7+ Rf7 
45. Qb8 Rd7 46. a5 g3 47. a6 Qh6 48. Qc8 Rf7 49. Qd8 f4 50. Qg5 Qg6 51. a7 Ra3 
52. Qxg6+ Kxg6 53. e6 Rfxa7 54. Bd8 b5 55. Rxf4 Re3 56. Rf6+ Kg7 57. Rf1 Rxe6 
58. Bg5 Ra2 59. Bf4 Ree2 60. Kh1 Rxg2 61. Be5+ Kg6 62. Rf3 Rgd2 63. Rxg3+ Kf5 
64. Bc3 Rd1+ 65. Rg1 Rxg1+ 66. Kxg1 Ke4 67. Bf6 Kd3 68. Kf1 Kc4 69. Be7 Rb2 
70. Ke1 Rxb4 71. Kd1 Rb2 72. Kc1 Kb3 73. Bf6 Rg2 74. Be5 Ka2 75. Bc3 Rg4 
76. Kd2 b4 77. Bf6 b3 78. Be5 b2 79. Bxb2 Kxb2 80. Ke3 Kc2 81. Kf3 Rd4 
82. Ke3 Kc3 83. Kf2 Kd2 84. Kf3 Ra4 85. Kf2 Ra3 86. Kf1 Ke3 87. Kg2 Ke2 
88. Kg1 Kf3 89. Kh1 Kg3 90. Kg1 Ra1# 0-1

[Event "Tuesday Night Engine Tour 9 rd Swiss 7m+2s Starts at 2200hrs ST"]
[Site "Infinity Chess"]
[Date "2018.4.24"]
[Round "4"]
[White "crossbones"]
[Black "Murx"]
[Result "1/2-1/2"]
[ECO "C26"]
[WhiteElo "2597"]
[BlackElo "2556"]
[WhiteEngine "Cryptic Heroes 9.4B"]
[BlackEngine "asmFishW_2018-04-07_popcnt"]
[EventType "Swiss"]
[WhiteTeam ""]
[BlackTeam ""]
[PlyCount "340"]
[TimeControl "420+2"]

1. e4 e5 2. Nc3 Nf6 3. Nf3 Nc6 4. h3 Bb4 5. Bb5 Bxc3 6. dxc3 d6 7. Qe2 a6 
8. Bd3 Be6 9. a3 Qe7 10. Be3 Rb8 11. a4 O-O 12. O-O h6 13. b4 a5 14. b5 Nd8 
15. Nd2 Nd7 16. f4 exf4 17. Rxf4 b6 18. Nb3 Ne5 19. Nd4 Re8 20. Raf1 f6 
21. Qf2 Kh8 22. Bd2 Ndf7 23. c4 Rbc8 24. Nf5 Qf8 25. Ne3 Nd7 26. Nd5 Nfe5 
27. Be2 Bg8 28. Be3 Ng6 29. Rg4 Nge5 30. Rf4 Bh7 31. Bd4 Re6 32. Bh5 Nc5 
33. Qe2 Qg8 34. Kh2 Nxa4 35. Bg4 Nc5 36. Bxe6 Nxe6 37. Bxe5 dxe5 38. Rg4 Qf7 
39. Rg3 Rg8 40. Qg4 Rf8 41. Qe2 Ra8 42. Qg4 Rf8 43. Re3 Re8 44. Rg3 Ng5 
45. Re3 Ne6 46. Rg3 Nc5 47. Re3 Rd8 48. Qf3 Rd6 49. Rfe1 Ne6 50. Rd1 Rd8 
51. Qg4 Nd4 52. Rc3 Bg6 53. Ra1 Rb8 54. Qh4 Kh7 55. Rg3 Ne6 56. Rc3 Rd8 
57. Rd3 Kh8 58. Rc3 Ng5 59. Re1 Ne6 60. Rd3 Nc5 61. Rg3 Kh7 62. Ra3 Rd6 
63. Ree3 Kh8 64. Qe1 Rd7 65. Qe2 Qg8 66. Ra1 Bf7 67. Rf1 Qf8 68. Qg4 Bg8 
69. Qg6 Bh7 70. Qh5 Qd8 71. Qg4 Qe8 72. Qh4 Qf8 73. Qg4 Qf7 74. Rf2 Qf8 
75. Qe2 Qe8 76. Qg4 Qf7 77. Qf3 Rd6 78. Kg1 Bg6 79. Qg4 Kh7 80. Rf1 Rd7 
81. Kh1 a4 82. Qe2 Kg8 83. Kh2 Qf8 84. Ra1 Qd8 85. Qg4 Qe8 86. Qf3 Kh8 
87. Kg1 Kh7 88. Ree1 Bh5 89. Qf5+ Kh8 90. Kh2 Bf7 91. Qf3 Qe6 92. Qg3 Kg8 
93. Re3 Kh7 94. Raa3 Qd6 95. Kg1 Rd8 96. Qg4 Be6 97. Qe2 Bf7 98. Ra1 Bg6 
99. Rd1 Qe6 100. Qf3 Qd6 101. h4 Kh8 102. h5 Bh7 103. Kh2 Ra8 104. Qg4 Re8 
105. Qe2 Rc8 106. Nb4 Qf8 107. Nd5 Qe8 108. Ra1 Qf7 109. Rb1 Rb8 110. Kg1 Ra8 
111. Ra1 Rd8 112. Qf3 Bg8 113. Rf1 Qf8 114. Qe2 Qd6 115. Kh2 Ra8 116. Ra1 Qd7 
117. Kg1 Ra7 118. Kh2 Qc8 119. Rg3 Bh7 120. Re3 Qg8 121. Raa3 Qf7 122. Ra1 Ra8 
123. Nc3 Bg8 124. Nd5 Bh7 125. Qf3 Rf8 126. Kg1 Re8 127. Qg4 Rb8 128. Rf1 Rf8 
129. Qe2 Rd8 130. Kh2 Bg8 131. Ra3 Bh7 132. Re3 Rd6 133. Kg1 Qd7 134. Rd1 Qd8 
135. Qf3 Rd7 136. Rf1 Qc8 137. Qg4 Qf8 138. Kh2 Qf7 139. Re2 Bg8 140. Ree1 Qe8 
141. Re3 Qf8 142. Rg3 Rd8 143. Qe2 Qf7 144. Ra3 Ra8 145. Kg1 Bh7 146. Re3 Qd7 
147. Rd1 Qd6 148. Ra1 Rf8 149. Kh2 f5 150. exf5 Rxf5 151. Qg4 Rg5 152. Qc8+ Bg8 
153. Kg1 Kh7 154. Rd1 a3 155. Qxc7 Rxg2+ 156. Kh1 Qxc7 157. Nxc7 Rxc2 
158. Rxa3 Rxc4 159. Rd6 Rc1+ 160. Kg2 Bc4 161. Re3 Rc2+ 162. Kf3 e4+ 
163. Kg3 Bf1 164. Rxb6 Rg2+ 165. Kh4 Rh2+ 166. Kg3 Rh3+ 167. Kf4 Rh4+ 
168. Kg3 Rh3+ 169. Kf4 Rh4+ 170. Kg3 Rh3+ 1/2-1/2

[Event "Tuesday Night Engine Tour 9 rd Swiss 7m+2s Starts at 2200hrs ST"]
[Site "Infinity Chess"]
[Date "2018.4.24"]
[Round "4"]
[White "KRAKEN"]
[Black "Susanne"]
[Result "1/2-1/2"]
[ECO "E15"]
[WhiteElo "2565"]
[BlackElo "2626"]
[WhiteEngine "Raubfisch ME262_GTZ17b2_CTG"]
[BlackEngine "asmFishW_IX_bmi2_CTG"]
[EventType "Swiss"]
[WhiteTeam ""]
[BlackTeam ""]
[PlyCount "150"]
[TimeControl "420+2"]

1. d4 Nf6 2. c4 e6 3. Nf3 b6 4. g3 Be7 5. Bg2 Bb7 6. O-O O-O 7. Re1 d5 
8. cxd5 exd5 9. Nc3 Nbd7 10. Bf4 c5 11. h4 Ne4 12. e3 Ndf6 13. a4 Rc8 
14. Bh3 Ra8 15. Qe2 Bd6 16. Bxd6 Qxd6 17. a5 c4 18. axb6 axb6 19. Ne5 Qb4 
20. Rab1 b5 21. Rec1 Qa5 22. Qe1 Nd6 23. Ra1 Qb6 24. b3 Rxa1 25. Rxa1 Ra8 
26. Rxa8+ Bxa8 27. Qa1 Bb7 28. b4 Nfe4 29. Ne2 Nf6 30. Kf1 h6 31. Ke1 g6 
32. f3 Kg7 33. Kd2 Qd8 34. Qa7 g5 35. Kd1 Nfe8 36. hxg5 hxg5 37. Bd7 f6 
38. Bxe8 Qxe8 39. Qc5 Qe7 40. Ng4 Qd7 41. Nf2 Kf7 42. Kc1 Ne8 43. e4 Nc7 
44. e5 Qc6 45. Qa7 Qa6 46. Qb8 Ne8 47. Kb2 Qa8 48. Qxa8 Bxa8 49. f4 gxf4 
50. gxf4 Kg6 51. Nd1 Kf5 52. Kc2 Bc6 53. Kd2 Ke4 54. Ndc3+ Kf3 55. Nd1 Bd7 
56. Ndc3 fxe5 57. fxe5 Bc6 58. Ng1+ Kg4 59. Ke3 Ng7 60. Kd2 Ne6 61. Nge2 Kf3 
62. Ng1+ Kf2 63. Nge2 Kf3 64. Ng1+ Kg4 65. Nge2 Nf4 66. Ke3 Nxe2 67. Kxe2 Kf4 
68. Kd2 Kg4 69. Ke3 Kf5 70. Ke2 Kf4 71. Kd2 Kg5 72. Ne2 Bb7 73. Nc3 Bc6 
74. Nb1 Bd7 75. Nc3 Bc6 1/2-1/2

[Event "Tuesday Night Engine Tour 9 rd Swiss 7m+2s Starts at 2200hrs ST"]
[Site "Infinity Chess"]
[Date "2018.4.24"]
[Round "3"]
[White "SkyPilot"]
[Black "OlivierEvan"]
[Result "1-0 "]
[ECO "C55"]
[WhiteElo "2491"]
[BlackElo "2434"]
[WhiteEngine "stockfish_x64_bmi2_2018_04_07_CTG"]
[BlackEngine "Houdini 6"]
[EventType "Swiss"]
[WhiteTeam ""]
[BlackTeam ""]
[PlyCount "176"]
[TimeControl "420+2"]

1. e4 e5 2. Nf3 Nc6 3. Bc4 Nf6 4. d3 Bc5 5. c3 d6 6. O-O O-O 7. h3 a6 8. Bb3 Ba7 
9. Nbd2 h6 10. a4 Re8 11. Re1 Be6 12. Bxe6 Rxe6 13. b4 d5 14. Qc2 d4 
15. Bb2 dxc3 16. Bxc3 a5 17. b5 Nb4 18. Bxb4 axb4 19. Nc4 Nd7 20. Reb1 Rf6 
21. Qe2 Bc5 22. a5 Re6 23. Qc2 c6 24. b6 Ra6 25. Ncd2 Qe7 26. Nb3 Rf6 
27. Qd2 Bd6 28. Nh4 Qe6 29. Nf5 Bf8 30. Qc2 h5 31. Rd1 Ra8 32. Ne3 Qe8 
33. Rac1 g6 34. Qe2 Bd6 35. Rc4 Qe7 36. Qd2 Nc5 37. Rxb4 Kg7 38. Nxc5 Bxc5 
39. Rb2 Qd8 40. Ra2 Ra6 41. Qc2 Qe7 42. Rc1 Bd4 43. Rb1 Qf8 44. Qc1 Rf4 
45. g3 Rf6 46. Kg2 Qe7 47. Nc4 h4 48. f4 Qe6 49. fxe5 Bxe5 50. g4 Qe7 
51. Qa3 Qxa3 52. Rxa3 Re6 53. Ra4 f6 54. Kf3 Bd4 55. Rb3 Kf7 56. Na3 Bc5 
57. d4 Bxa3 58. Rbxa3 Re8 59. Kf4 Rf8 60. g5 Ke6 61. gxf6 Rxf6+ 62. Kg5 Rf2 
63. Ra2 Rf1 64. Ra1 Rf8 65. R4a2 Kd7 66. Rg2 Rfa8 67. Rf2 Rxa5+ 68. Rxa5 Rxa5+ 
69. Kxg6 c5 70. Rf7+ Kc6 71. dxc5 Ra3 72. Rc7+ Kb5 73. Rxb7 Kxc5 74. Rh7 Rb3 
75. b7 Kd6 76. Rxh4 Rxb7 77. Kf6 Re7 78. e5+ Kd7 79. Rd4+ Ke8 80. e6 Rh7 
81. Rg4 Kf8 82. h4 Rf7+ 83. Ke5 Rb7 84. h5 Rb1 85. Kf6 Rf1+ 86. Kg5 Kg7 
87. h6+ Kh7 88. e7 Re1 1-0